 Dungeon Crawl Stone Soup version 0.32-a0-411-g744942f433 (console) character file.

Game seed: 10595047165495117385

704 jejorda2 the Chopper (level 7, -7/90 HPs)
             Began as a Gnoll Berserker on Feb 20, 2024.
             Was a Believer of Trog.
             Mangled by a gnoll
             ... wielding a +0 halberd of venom
              (9 damage)
             ... on level 5 of the Dungeon.
             The game lasted 00:10:37 (3432 turns).

jejorda2 the Chopper (Gnoll Berserker)              Turns: 3432, Time: 00:10:38

Health: -7/90      AC: 14    Str: 19    XL:     7   Next: 66%
Magic:  11/11      EV:  8    Int:  6    God:    Trog [**....]
Gold:   127        SH:  0    Dex: 17    Spells: 11/11 levels left

rFire   + . .        a - +0 battleaxe (elec)
rCold   . . .        (shield currently unavailable)
rNeg    . . .        C - +0 plate armour
rPois   .            (no helmet)
rElec   .            v - +0 cloak
rCorr   .            n - +0 pair of gloves
SInv    .            (no boots)
Will    .....        (no amulet) Stlth
                     i - +6 ring of dexterity
HPRegen 0.35/turn    b - ring of protection from fire
MPRegen 0.12/turn

%: no passive effects
@: berserking (expiring), lethally poisoned (-7 -> -26), very quick
A: fangs 1, strong nose, distributed training
a: Renounce Religion, Berserk, Trog's Hand


You were on level 5 of the Dungeon.
You worshipped Trog.
Trog was pleased with you.
You visited 1 branch of the dungeon, and saw 5 of its levels.

You collected 166 gold pieces.
You spent 39 gold pieces at shops.

Inventory:

Hand Weapons
 a - a +0 battleaxe of electrocution (weapon)
 d - a +1 flail of draining
 D - a +0 war axe
Missiles
 g - 10 poisoned darts (quivered)
 z - 5 javelins
 B - 5 datura-tipped darts
Armour
 n - a +0 pair of gloves (worn)
 v - a +0 cloak (worn)
 C - a +0 plate armour (worn)
Jewellery
 b - a ring of protection from fire (right hand)
 i - a +6 ring of dexterity (left hand)
Scrolls
 c - 2 scrolls of blinking {unknown}
 k - 5 scrolls of identify {unknown}
 l - 3 scrolls of teleportation
 p - a scroll of enchant weapon {unknown}
 q - a scroll of fear {unknown}
 r - a scroll of noise {unknown}
 t - a scroll of amnesia {unknown}
 u - a scroll of vulnerability {unknown}
 x - a scroll of silence {unknown}
 y - a scroll of revelation {unknown}
Potions
 e - a potion of berserk rage {unknown}
 f - 5 potions of heal wounds {unknown}
 h - a potion of cancellation {unknown}
 j - 4 potions of lignification {unknown}
 m - a potion of might {unknown}
 o - 2 potions of degeneration {unknown}
 s - a potion of magic {unknown}
 w - a potion of ambrosia {unknown}
 A - a potion of attraction {unknown}


   Skills:
 + Level 7.1 Fighting
 + Level 2.7 Short Blades
 + Level 2.7 Long Blades
 + Level 7.1 Axes
 + Level 2.7 Maces & Flails
 + Level 2.7 Polearms
 + Level 2.7 Staves
 + Level 2.7 Ranged Weapons
 + Level 2.7 Throwing
 + Level 5.4 Armour
 + Level 5.4 Dodging
 + Level 2.7 Stealth
 + Level 2.7 Shields
 + Level 2.7 Unarmed Combat
 + Level 2.7 Spellcasting
 + Level 2.2 Conjurations
 + Level 2.2 Hexes
 + Level 2.2 Summonings
 + Level 2.2 Necromancy
 + Level 2.2 Translocations
 + Level 2.2 Fire Magic
 + Level 2.2 Ice Magic
 + Level 2.2 Air Magic
 + Level 2.2 Earth Magic
 + Level 2.2 Alchemy
 + Level 3.0 Invocations
 + Level 2.7 Evocations
 + Level 2.4 Shapeshifting


You had 11 spell levels left.
You didn't know any spells.
Your spell library was empty.

Dungeon Overview and Level Annotations

Branches:
Dungeon (5/15)
 Temple: D:4-7

Altars:
Fedhas
Ru
Uskayaw

Shops:
D:2 ?

Annotations:
D:5 1 transporter, Sirjeffry24's ghost, amateur CoHu


Innate Abilities, Weirdness & Mutations

You have very sharp teeth.
Your uncanny sense of smell can sniff out nearby items.
Your experience applies equally to all skills.


Message History

You are more poisoned.
The gnoll hits you but does no damage.
You writhe in agony.
The gnoll sergeant hits you with the +9 trident "Solokka" {venom, rF+ Int+2}!
* * * LOW HITPOINT WARNING * * *
You are lethally poisoned!
Sirjeffry24's ghost shrieks, "What do you have that I didn't have?"
Unknown command.
You are too injured to fight recklessly!
You are too injured to fight recklessly!
You closely miss the gnoll sergeant.
* * * LOW HITPOINT WARNING * * *
You feel extremely sick.
The gnoll hits you from afar with a +1 spear of pain.
* * * LOW HITPOINT WARNING * * *
The gnoll closely misses you.
You barely miss the gnoll. You bite the gnoll.
The gnoll is lightly wounded.
You hit Sirjeffry24's ghost. You slash the gnoll sergeant!
* * * LOW HITPOINT WARNING * * *
You feel very sick.
Sirjeffry24's ghost hits you but does no damage.
Unknown command.
You barely miss the gnoll.
The gnoll is lightly wounded.
You barely miss Sirjeffry24's ghost. You hit the gnoll sergeant.
Your skin stops crawling.
You feel less strong-willed.
* * * LOW HITPOINT WARNING * * *
You feel extremely sick. The gnoll barely misses you.
The gnoll hits you but does no damage. x2
The gnoll sergeant closely misses you.
Unknown command.
You hit the gnoll. Lightning courses through the gnoll!
You kill the gnoll!
Trog accepts your kill. The gnoll sergeant blocks your attack.
You barely miss Sirjeffry24's ghost.
* * * LOW HITPOINT WARNING * * *
You feel very sick.
Sirjeffry24's ghost hits you but does no damage.
The gnoll hits you from afar with a +0 halberd of venom!
You die...

#..............................##
....≈≈≈≈≈≈≈≈≈≈≈...≈≈≈≈≈≈≈≈≈≈≈...#
..#.≈≈≈≈≈≈≈≈≈≈≈...≈≈≈≈≈≈≈≈≈≈≈.##.
.#..≈≈#####...........#####≈≈....
....≈≈#.#.#.###.©.###.#.#.#≈≈.#..
....≈≈#...###©#####.###.!.#≈≈.##.
....≈≈###.......gg......###≈≈.#..
....≈≈.ß#.######)###'##.#ß.≈≈...#
....≈≈.##.#.∆∆#ß@g#...#.##.≈≈..##
....~~.#g.+$ ∆#)W)....'..#.~~..#
....≈≈.## #$!∆#ß).#P..#.##.≈≈..#
....≈≈.ß#.######'###'##.#ß.≈≈.##
....≈≈###...............###≈≈.#
....≈≈#..g###g#####g###..g#≈≈.#
..#.≈≈#g#g#.###.©.###.#.#.#≈≈.#
..#.≈≈#####...........#####≈≈.#
#...≈≈≈≈≈≈≈≈≈≈≈≈~≈≈≈≈≈≈≈≈≈≈≈≈.#


You could see a gnoll sergeant, Sirjeffry24's ghost and 2 gnolls.

Vanquished Creatures
  Menkaure (D:5)
  3 scorpions
  A howler monkey (D:5)
  A hound (D:5)
  A bombardier beetle (D:5)
  2 jellies (D:5)
  An orc wizard (D:4)
  8 gnolls
  2 adders
  A dart slug (D:1)
  A ribbon worm (D:3)
  10 orcs
  3 bats
  6 endoplasms
  4 giant cockroaches
  5 goblins
  3 hobgoblins
  7 jackals
  4 kobolds
  5 quokkas
  6 ball pythons
  A frilled lizard (D:3)
  2 rats (D:1)
78 creatures vanquished.

Notes
Turn   | Place    | Note
-------+----------+-------------------------------------------
     0 | D:1      | jejorda2 the Gnoll Berserker began the quest for the Orb.
     0 | D:1      | Reached XP level 1. HP: 23/23 MP: 1/1
   158 | D:1      | Reached XP level 2. HP: 21/29 MP: 2/2
   258 | D:1      | Found a faded altar of an unknown god.
   480 | D:1      | Reached XP level 3. HP: 33/35 MP: 3/3
   583 | D:1      | Reached skill level 1 in Invocations
   933 | D:2      | Reached skill level 1 in Short Blades
   933 | D:2      | Reached skill level 1 in Long Blades
   933 | D:2      | Reached skill level 1 in Maces & Flails
   933 | D:2      | Reached skill level 1 in Polearms
   933 | D:2      | Reached skill level 1 in Staves
   933 | D:2      | Reached skill level 1 in Ranged Weapons
   933 | D:2      | Reached skill level 1 in Throwing
   933 | D:2      | Reached skill level 1 in Stealth
   933 | D:2      | Reached skill level 1 in Shields
   933 | D:2      | Reached skill level 1 in Unarmed Combat
   933 | D:2      | Reached skill level 1 in Spellcasting
   933 | D:2      | Reached skill level 1 in Evocations
  1010 | D:2      | Reached skill level 1 in Shapeshifting
  1010 | D:2      | Reached XP level 4. HP: 40/41 MP: 5/5
  1231 | D:2      | Found Utiubler's Magic Scroll Boutique.
  1234 | D:2      | Bought a scroll of teleportation for 39 gold pieces
  1312 | D:2      | Found a sacrificial altar of Ru.
  1459 | D:3      | Reached ** piety under Trog
  1460 | D:3      | Reached skill level 1 in Conjurations
  1460 | D:3      | Reached skill level 1 in Hexes
  1460 | D:3      | Reached skill level 1 in Summonings
  1460 | D:3      | Reached skill level 1 in Necromancy
  1460 | D:3      | Reached skill level 1 in Translocations
  1460 | D:3      | Reached skill level 1 in Fire Magic
  1460 | D:3      | Reached skill level 1 in Ice Magic
  1460 | D:3      | Reached skill level 1 in Air Magic
  1460 | D:3      | Reached skill level 1 in Earth Magic
  1460 | D:3      | Reached skill level 1 in Alchemy
  1550 | D:3      | Found a hide-covered altar of Uskayaw.
  1611 | D:3      | Identified the +3 leather armour of the Evening {Int-2
                  | Dex+3}
  1885 | D:3      | Found a blossoming altar of Fedhas.
  2082 | D:4      | Reached XP level 5. HP: 47/47 MP: 7/7
  2480 | D:4      | Reached XP level 6. HP: 53/53 MP: 8/8
  2489 | D:4      | Reached skill level 5 in Armour
  2489 | D:4      | Reached skill level 5 in Dodging
  2797 | D:5      | Entered Level 5 of the Dungeon
  2797 | D:5      | Noticed Menkaure
  2805 | D:5      | Killed Menkaure
  2854 | D:5      | Reached XP level 7. HP: 60/60 MP: 10/10
  3163 | D:5      | Identified the +9 trident "Solokka" {venom, rF+ Int+2}
  3163 | D:5      | Identified the +3 scale mail "Ryasub" {SInv}
  3250 | D:5      | Found a transporter.
  3256 | D:5      | Found a transporter.
  3426 | D:5      | Noticed Sirjeffry24's ghost (amateur CoHu)
  3432 | D:5      | HP: 2/90 [poisoned by a gnoll sergeant]
  3432 | D:5      | Mangled by a gnoll

Illustrated notes

Levels and vault maps discovered:
D:1:      dpeg_arrival_renting, layout_loops_cross,
          shapermc_ecumenical_altar_gd, st_stairs_3
D:2:      layout_basic, basic_altar, serial_shops, nicolae_shop_rolled_up
D:3:      layout_basic, eat_drink_and_be_merry_uskayaw,
          mainiacjoe_overflow_surrounded_room
D:4:      layout_loops_ring
D:5:      layout_cave_pools, gammafunk_ghost_gnarly_gnolls, kennysheep_donut,
          kennysheep_minor_cross, uniq_menkaure

Skill      XL: |  1  2  3  4  5  6  7 |
---------------+----------------------+-----
Invocations    | 1 2 3 |  3.0
Short Blades   | 1 2 |  2.7
Long Blades    | 1 2 |  2.7
Maces & Flails | 1 2 |  2.7
Polearms       | 1 2 |  2.7
Staves         | 1 2 |  2.7
Ranged Weapons | 1 2 |  2.7
Throwing       | 1 2 |  2.7
Stealth        | 1 2 |  2.7
Shields        | 1 2 |  2.7
Unarmed Combat | 1 2 |  2.7
Spellcasting   | 1 2 |  2.7
Evocations     | 1 2 |  2.7
Shapeshifting  | 1 2 |  2.4
Conjurations   | 1 2 |  2.2
Hexes          | 1 2 |  2.2
Summonings     | 1 2 |  2.2
Necromancy     | 1 2 |  2.2
Translocations | 1 2 |  2.2
Fire Magic     | 1 2 |  2.2
Ice Magic      | 1 2 |  2.2
Air Magic      | 1 2 |  2.2
Earth Magic    | 1 2 |  2.2
Alchemy        | 1 2 |  2.2
Armour         | 5 |  5.4
Dodging        | 5 |  5.4
Fighting       | 7 |  7.1
Axes           | 7 |  7.1

Action                     |  1- 3 |  4- 6 |  7- 9 || total
---------------------------+-------+-------+-------++-------
  Melee: Hand axe          |    76 |   149 |     6 ||   231
         Bite              |     4 |    18 |     4 ||    26
         Battleaxe         |       |       |    15 ||    15
  Throw: Dart              |       |     9 |     7 ||    16
 Invoke: Berserk           |     1 |     4 |     1 ||     6
         Trog's Hand       |       |       |     1 ||     1
   Stab: Sleeping          |     2 |       |       ||     2
 Armour: Animal skin       |    31 |       |       ||    31
         Ring mail         |     4 |       |       ||     4
         Scale mail        |    13 |    75 |     2 ||    90
         Plate armour      |       |       |    27 ||    27
  Dodge: Dodged            |    59 |    70 |    11 ||   140

Table legend: (Time is in decaauts)
 A = Elapsed time spent in this place.
 B = Non-inter-level travel time spent in this place.
 C = Inter-level travel time spent in this place.
 D = Time resting spent in this place.
 E = Time spent auto-exploring this place.
 F = Levels seen in this place.
 G = Mean time per level.
                   A        B        C        D        E       F      G
               +--------+--------+--------+--------+--------+-----+--------+
         Total |   3472 |   3386 |     86 |    197 |   2557 |   5 |  694.4 |
       Dungeon |   3472 |   3386 |     86 |    197 |   2557 |   5 |  694.4 |
               +--------+--------+--------+--------+--------+-----+--------+

Top non-repeatable levels by time:
     D:4: 761 daAuts
     D:1: 738 daAuts
     D:3: 669 daAuts
     D:2: 660 daAuts
     D:5: 642 daAuts
